AoeStats
← SHOGUN

Arabia

509377304Analyzed
1v1 RM · 5d ago on Sep 26, 2026· 39m 18s· 2 players
Game mode
Random Map
Map size
Tiny (2 player)
Population
200
Speed
Normal
Resources
Standard
Victory
Conquest
Starting age
Dark Age
Ending age
Imperial Age
RankedLock teamsTeams togetherTeam positionsShared explorationLock speedFull tech treeHidden civsTurbo modeCheats
Victory
Defeat
🇦🇷 Magyars · Argentina
1310
+16
🇭🇰 Armenians · Hong Kong SAR China
1304
-16
SHOGUN
6:26 Loom
9:24 Feudal Age
9:47 Man-at-Arms
11:48 Double-Bit Axe
14:09 Long Swordsman
15:47 Arson
19:24 Wheelbarrow
23:48 Castle Age
23:11 Horse Collar
24:22 Gambesons
25:43 Squires
28:01 Two-Handed Swordsman
33:43 Champion
35:55 Heavy Plow
BlooDy WarrioR
6:51 Loom
9:03 Feudal Age
7:19 Loom
9:54 Double-Bit Axe
9:55 Horse Collar
17:36 Fletching
25:23 Castle Age
24:49 Gold Mining
25:45 Bloodlines
26:30 Bodkin Arrow
27:36 Bow Saw
28:02 Padded Archer Armor
28:11 Husbandry
30:50 Leather Archer Armor
30:47 Town Watch
31:41 Ballistics
32:19 Wheelbarrow
35:14 Stone Mining
36:17 Thumb Ring
38:55 Hand Cart
Connection lost

Rejoining the realm…

Still unreachable

The connection could not be restored.

Session expired

The server has moved on; the page needs a fresh start.